cohdb
Replays
Latest Replays
All Replays
Popular Replays
Top Player Replays
Match Explorer
How It Works
Community
CoH3 Stats
Reddit
Sign in to upload your games and track your stats! →
Sign in with Steam
Match 46084138
Unlisted
Match 46084138
Overview
Messages
Build Orders
End
Kettenkrad Recon Vehicle
Construct Infanterie Kompanie
Grenadier Squad
Grenadier Squad
Pioneer Squad
MG 42 Machine Gun Team
Selects Terror Battlegroup
Selects Machine Gun Camouflage
Infanterie Officer Quarters
Grenadier Squad
Construct Panzergrenadier Kompanie
251 Medium Carrier
Selects Contempt for the Weak
Support Elements
StuG III G Assault Gun
StuG III G Assault Gun
Panzergrenadier Officer Quarters
Nebelwerfer 42 Rocket Launcher Team
Side Skirts
Selects Propaganda Leaflet Drop
Construct Panzer Kompanie
Nebelwerfer 42 Rocket Launcher Team
Kettenkrad Recon Vehicle
Selects V1 Rocket Strike
Propaganda Leaflet Drop
V1 Rocket Strike
Kettenkrad Recon Vehicle
Repair Bunker
Sturmpanzer IV Brummbär
Selects Defend the Fatherland
Stoßtruppen Squad
Sturmpanzer IV Brummbär
Medical Bunker
Panzer Officer Quarters
V1 Rocket Strike
AI Takeover
Q7PoloRalph_Trendsetter
Durth Sheetius
Sebastian z Corby
FARM7D
Brick_man
Toy Story fuck my Childhood
Ratko
DjuXi
0
0
Comments
sign in to comment!
No comments posted yet!